 Dungeon Crawl Stone Soup version 0.26.1-11-gd32895ea62 (webtiles) character file.

Game seed: 552264490658396903

7807 dtburroughs the Fighter (level 11, 0/99 HPs)
             Began as a Minotaur Berserker on June 22, 2021.
             Was an Elder of Trog.
             Slain by Sonja
             ... wielding a +3 dagger of distortion
              (5 damage)
             ... on level 10 of the Dungeon.
             The game lasted 00:23:53 (12031 turns).

dtburroughs the Fighter (Minotaur Berserker)       Turns: 12031, Time: 00:23:54

Health: 0/99       AC: 11    Str: 22    XL:     11   Next: 1%
Magic:  10/10      EV: 18    Int:  7    God:    Trog [****..]
Gold:   576        SH:  5    Dex: 10    Spells: 10/10 levels left

rFire    . . .     SeeInvis +   N - +4 battleaxe
rCold    . . .     Faith    .   (shield currently unavailable)
rNeg     . . .     Spirit   .   F - +2 ring mail {Will+}
rPois    .         Reflect  +   (helmet restricted)
rElec    .         Harm     .   P - scarf {repulsion}
rCorr    .         Rampage  .   R - +1 pair of gloves
Will     +....                  (no boots)
Stlth    ..........             s - amulet of reflection
HPRegen  0.26/turn              h - +4 ring of evasion
MPRegen  0.12/turn              L - ring of see invisible

@: hasted, repel missiles, very quick
A: retaliatory headbutt, horns 2, subdued magic 1
a: Renounce Religion, Berserk, Trog's Hand, Brothers in Arms


You were on level 10 of the Dungeon.
You worshipped Trog.
Trog was greatly pleased with you.
You visited 1 branch of the dungeon, and saw 10 of its levels.
You visited the Abyss 1 time.

You collected 576 gold pieces.

Inventory:

Hand Weapons
 a - a +0 hand axe
 b - a +0 morningstar
 E - a +0 flail of holy wrath
 N - a +4 battleaxe (weapon)
Armour
 n - a +0 chain mail
 w - a +0 buckler
 F - a +2 ring mail of willpower (worn)
 O - a +0 kite shield
 P - a scarf of repulsion (worn)
 R - a +1 pair of gloves (worn)
Jewellery
 e - an uncursed amulet of regeneration
 h - a +4 ring of evasion (left hand)
 o - an uncursed ring of protection from cold
 r - an uncursed ring of resist corrosion
 s - an amulet of reflection (around neck)
 y - an uncursed ring of stealth
 H - an uncursed ring of protection from fire
 L - a ring of see invisible (right hand)
Wands
 m - a wand of digging (4)
 B - a wand of polymorph (7)
 I - a wand of enslavement (8)
 Q - a wand of flame (19)
Scrolls
 d - 2 scrolls of fear
 i - a scroll of enchant weapon
 j - 3 scrolls of teleportation
 p - a scroll of fog {unknown}
 q - 2 scrolls of magic mapping {unknown}
 t - 3 scrolls of remove curse
 u - 2 scrolls of noise {unknown}
 x - 7 scrolls of identify
 z - 4 scrolls of amnesia {unknown}
 A - a scroll of enchant armour {unknown}
 D - 2 scrolls of random uselessness {unknown}
 G - 2 scrolls of blinking {unknown}
Potions
 c - a potion of haste
 f - 5 potions of flight
 g - 3 potions of magic
 k - a potion of invisibility {unknown}
 l - a potion of brilliance {unknown}
 v - 2 potions of heal wounds
 C - a potion of berserk rage {unknown}
 J - a potion of resistance {unknown}
 M - a potion of curing {unknown}


   Skills:
 + Level 9.7 Fighting
 + Level 9.5 Axes
 + Level 9.3 Armour
 + Level 8.5 Dodging
 + Level 7.3 Shields
 + Level 4.7 Evocations


You had 10 spell levels left.
You didn't know any spells.
Your spell library was empty.

Dungeon Overview and Level Annotations

Branches:
Dungeon (10/15)            Temple (0/1) D:5            Lair (0/6) D:9
    Orc: D:9-12

Altars:
Fedhas
Gozag
Qazlal
Sif Muna
Wu Jian
Zin
The Shining One

Shops:
D:5 !

Annotations:
D:3 3 runed translucent doors, Blork the orc; Tirrikindir's ghost, amateur OpFi; hawkwood's ghost, weakling MiDe; oc3rt's ghost, amateur KoHu
D:10 Sonja


Innate Abilities, Weirdness & Mutations

You reflexively headbutt those who attack you in melee.
You have a pair of horns on your head.
Your spells are a little easier to cast, but a little less powerful.


Message History

The ynoxinul gestures.
Found a gateway leading out of the Abyss.
You feel yourself speed up.
A will-o-the-wisp comes into view.
There is a gateway leading out of the Abyss here.
The ynoxinul gestures.
You pass through the gate.
Welcome back to the Dungeon!
Level annotation: Sonja The two-headed ogre hits you with a +0 giant spiked club! x2
Sonja completely misses you. You block Sonja's attack. Sonja barely misses you.
The two-headed ogre hits you with a +0 giant spiked club.
* * * LOW HITPOINT WARNING * * *
You block the two-headed ogre's attack.
Sonja hits you with a +3 dagger of distortion.
* * * LOW HITPOINT WARNING * * *
Space warps horribly around you!!
* * * LOW HITPOINT WARNING * * *
Sonja hits you but does no damage. x2; Space bends around you.
You die...

##.#.#.#...#.#.#<##
##.####.##.
#.................###.#####.#
#..#.........................
#..######.##)#.############.#
###..# #.##.#.# #....#
#.##.#.# #..########.##.#.#
##########
#............#.#K####(...O....
#.>########.....@O..([########
#..#### #.##...######
......#####.##.###
#..#.#......##..#
#..##.#########(# #..#######
#)# .........# #.# ##########
...#####.# #.# #......... #..#
#)# #.###.########


You could see a two-headed ogre and Sonja.

Vanquished Creatures
  Josephine (D:10)
  Psyche (D:9)
  A centaur skeleton (D:10)
  2 trolls
  Grinder (D:6)
  A vampire (D:9)
  5 wraiths (D:10)
  Eustachio (D:6)
  3 yaks (D:7)
  A wyvern (D:10)
  Menkaure (D:6)
  Edmund (D:5)
  3 orc warriors
  3 ice beasts
  5 ogres
  A phantom (D:9)
  6 centaurs
  2 big kobolds
  A gnoll sergeant (D:8)
  5 bullfrogs
  4 scorpions
  5 killer bees
  3 wights (D:8)
  3 howler monkeys
  2 quasits
  A bullfrog zombie (D:3)
  6 orc priests
  5 hounds
  2 jellies
  Crazy Yiuf (D:6)
  2 iguanas
  5 orc wizards
  7 worker ants
  A killer bee zombie (D:6)
  A hound zombie (D:7)
  A hound skeleton (D:5)
  9 gnolls
  11 adders
  A white imp (D:5)
  An ufetubus (D:8)
  An ooze (D:1)
  An adder skeleton (D:5)
  5 worms
  2 dart slugs
  4 leopard geckos
  29 orcs
  2 ball pythons
  8 giant cockroaches
  13 goblins
  3 hobgoblins
  8 jackals
  6 quokkas
  6 bats
  5 frilled lizards
  12 kobolds
  A quokka skeleton (D:4)
  A quokka zombie (D:5)
  14 rats
237 creatures vanquished.

Vanquished Creatures (others)
  A kobold (D:10)
1 creature vanquished.

Grand Total: 238 creatures vanquished

Notes
Turn   | Place    | Note
-------+----------+-------------------------------------------
     0 | D:1      | dtburroughs the Minotaur Berserker began the quest for the
                  | Orb.
     0 | D:1      | Reached XP level 1. HP: 19/19 MP: 0/0
   178 | D:1      | Reached XP level 2. HP: 22/27 MP: 1/1
   489 | D:1      | Reached ** piety under Trog
   582 | D:1      | Reached XP level 3. HP: 33/33 MP: 2/2
  1242 | D:2      | Reached XP level 4. HP: 34/41 MP: 3/3
  1865 | D:3      | Noticed Blork the orc
  1877 | D:3      | Found a shimmering blue altar of Sif Muna.
  2321 | D:3      | Found a runed translucent gate.
  2322 | D:3      | Found a runed translucent gate.
  2354 | D:3      | Found a runed translucent gate.
  2358 | D:3      | Noticed oc3rt's ghost (amateur KoHu)
  2358 | D:3      | Noticed hawkwood's ghost (weakling MiDe)
  2358 | D:3      | Noticed Tirrikindir's ghost (amateur OpFi)
  2504 | D:3      | Reached XP level 5. HP: 16/47 MP: 4/4
  3225 | D:4      | Reached *** piety under Trog
  3235 | D:4      | Reached skill level 5 in Fighting
  3315 | D:4      | Reached skill level 5 in Axes
  3430 | D:4      | Reached XP level 6. HP: 47/56 MP: 5/5
  4304 | D:4      | Reached skill level 5 in Armour
  4304 | D:4      | Reached XP level 7. HP: 32/62 MP: 6/6
  4954 | D:5      | Entered Level 5 of the Dungeon
  5327 | D:5      | Found a stormy altar of Qazlal.
  5327 | D:5      | Found an opulent altar of Gozag.
  5328 | D:5      | Found a glowing silver altar of Zin.
  5348 | D:4      | Reached skill level 5 in Dodging
  5348 | D:4      | Reached skill level 1 in Shields
  5660 | D:5      | Reached XP level 8. HP: 56/71 MP: 7/7
  5859 | D:5      | Found Viusoebi's Distillery.
  5882 | D:5      | Noticed Edmund
  5900 | D:5      | Killed Edmund
  6063 | D:5      | Found a staircase to the Ecumenical Temple.
  6093 | D:5      | Found a blossoming altar of Fedhas.
  6778 | D:6      | Noticed Eustachio
  6798 | D:6      | Killed Eustachio
  7047 | D:6      | Noticed Grinder
  7060 | D:6      | Killed Grinder
  7061 | D:6      | Reached skill level 1 in Evocations
  7308 | D:6      | Noticed Menkaure
  7319 | D:6      | Killed Menkaure
  7320 | D:6      | Reached XP level 9. HP: 79/79 MP: 8/8
  7572 | D:6      | Found a glowing golden altar of the Shining One.
  7745 | D:6      | Found a runed translucent door.
  7746 | D:6      | Noticed Crazy Yiuf
  7997 | D:6      | Killed Crazy Yiuf
  8208 | D:7      | Found an ornate altar of the Wu Jian Council.
  8214 | D:7      | Reached **** piety under Trog
  8365 | D:7      | Reached skill level 5 in Shields
  9229 | D:8      | Reached XP level 10. HP: 39/90 MP: 9/9
 10192 | D:9      | Found a glowing silver altar of Zin.
 10405 | D:9      | Reached ***** piety under Trog
 10955 | D:9      | Found a staircase to the Lair.
 11118 | D:9      | Noticed Psyche
 11122 | D:9      | Killed Psyche
 11314 | D:10     | Entered Level 10 of the Dungeon
 11380 | D:10     | Noticed Josephine
 11406 | D:10     | Killed Josephine
 11641 | D:10     | Reached XP level 11. HP: 97/99 MP: 10/10
 11782 | D:10     | Noticed Sonja
 11782 | D:10     | Noticed a two-headed ogre
 11791 | D:10     | Cast into level 1 of the Abyss (Sonja)
 11950 | Abyss:1  | Gained mutation: Your spells are a little easier to cast,
                  | but a little less powerful. [a neqoxec]
 12009 | Abyss:1  | Noticed a bone dragon
 12031 | D:10     | Escaped the Abyss
 12031 | D:10     | Slain by Sonja

Illustrated notes

Levels and vault maps discovered:
D:1:      lightli_arrival_windingriver, layout_basic, st_stairs_14
D:2:      layout_rooms, minmay_tiny_reverse_x
D:3:      layout_rooms, tgw_sif, gammafunk_ghost_cemetery
D:4:      layout_layer_cave, grunt_ministairs_3, small_statue_intersection
D:5:      layout_rooms, chequers_temple_overflow_statue_of_worship,
          kennysheep_little_box, minmay_temple_entry_slanted, serial_shops,
          shop, uniq_edmund
D:6:      layout_basic, lemuel_doored_altar, serial_co_window_serial,
          co_window_of_opportunity_a, co_window_paths_a, co_window_paths_b,
          co_window_corner_a, co_window_paths_a, co_window_corner_a,
          co_window_of_opportunity_a, co_window_paths_a, co_window_paths_a,
          co_window_2corner, co_window_paths_c, co_window_cross_3,
          co_window_broadway_c, co_window_paths_c, co_window_unsneaky_path_c,
          glass_columns_b, glass_columns_a, glass_columns_c, glass_columns_c,
          glass_columns_c, uniq_menkaure, uniq_eustachio,
          uniq_crazy_yiuf_cottage, uniq_grinder
D:7:      layout_loops_ring, nicolae_overflow_crystal_walls
D:8:      layout_basic, special_room [special_room_orc]
D:9:      layout_roguey, lair_entry_dummy, lemuel_statue_altar, uniq_psyche
D:10:     layout_loops_ring, ebering_ghost_funeral_grove, corexii_checkpoint_a,
          uniq_gastronok, uniq_josephine, uniq_sonja

Skill      XL: |  1  2  3  4  5  6  7  8  9 10 |
---------------+-------------------------------+-----
Fighting       | 4 5 6 7 8 9 |  9.7
Axes           | 4 5 6 7 8 9 |  9.5
Armour         | 3 4 5 7 8 9 |  9.3
Dodging        | 3 4 5 6 7 8 |  8.5
Shields        | 2 4 5 7 |  7.3
Evocations     | 1 3 4 |  4.7

Action                   |  1- 3 |  4- 6 |  7- 9 | 10-12 || total
-------------------------+-------+-------+-------+-------++-------
Melee: Hand axe          |    74 |   146 |   341 |       ||   561
       Headbutt          |     6 |    28 |    71 |    33 ||   138
       Battleaxe         |       |       |    19 |   164 ||   183
       Flail             |       |       |       |    12 ||    12
Invok: Trog's Hand       |       |       |     9 |     5 ||    14
       Brothers in Arms  |       |       |       |     1 ||     1
Evoke: Wand              |       |       |     1 |       ||     1
  Use: Scroll            |       |     4 |     3 |     2 ||     9
       Potion            |       |       |     1 |     1 ||     2
Armor: Animal skin       |    16 |    12 |       |       ||    28
       Ring mail         |       |    10 |    16 |    57 ||    83
       Chain mail        |       |    10 |   126 |       ||   136
Dodge: Dodged            |    66 |    87 |   196 |   172 ||   521
Block: Buckler           |       |       |    83 |       ||    83
       Other             |       |       |     6 |    45 ||    51
       Kite shield       |       |       |       |     8 ||     8
       Reflection        |       |       |       |     5 ||     5
